Map: Acid Plant LE

Players

Elazer

  • Race: Zerg Zerg
  • Spawn Location: 11:00

Zest - Winner!

  • Race: Protoss Protoss
  • League: Master
  • Spawn Location: 5:00

Event: HomeStory Cup XVIII

VOD

Have the link to the VOD?

Description

Time

  • Played on: Nov. 24, 2018, 3:16 p.m.
  • Length: 12:18

All games in this series

Show
View Real Time Build Order
Export as new Build Order

Elazer Zerg 

Build Orders: Hatch First 

Get SALT Encoding   

  12  0:00  Drone  
  13  0:12  Overlord  
  13  0:16  Drone  
  14  0:30  Drone x2  
  16  0:47  Hatchery  
  15  0:51  Drone  
  15  0:55  Drone  
  17  0:58  Drone  
  18  1:09  Extractor  
  17  1:13  Spawning Pool  
  17  1:16  Drone  
  17  1:19  Drone  
  18  1:29  Drone  
  19  1:40  Drone  
  20  1:54  Drone  
  20  2:00  Queen x2  
  25  2:01  Zergling x4  
  27  2:14  Overlord  
  27  2:16  Drone  
  27  2:19  Metabolic Boost  
  28  2:33  Drone x4  
  32  2:40  Hatchery  
  31  2:45  Overlord  
  31  2:49  Drone  
  32  2:54  Drone x2  
  34  3:05  Drone x2  
  35  3:08  Drone  
  35  3:09  Drone  
  35  3:10  Drone  
  35  3:11  Drone  
  35  3:12  Drone x2  
  41  3:15  Queen  
  43  3:20  Overlord  
  43  3:25  Overlord  
  43  3:31  Lair  
  43  3:38  Extractor  
  43  3:39  Drone  
  43  3:43  Drone x6  
  43  3:47  Spore Crawler  
  48  3:49  Extractor  
  48  3:50  Drone  
  48  3:53  Queen  
  50  3:58  Spore Crawler  
  50  4:01  Overlord  
  50  4:02  Spore Crawler  
  48  4:03  Drone  
  48  4:08  Drone x3  
  52  4:15  Drone  
  53  4:17  Extractor  
  53  4:18  Drone x3  
  53  4:19  Drone  
  53  4:22  Drone  
  53  4:24  Drone x2  
  53  4:27  Drone x2  
  57  4:33  Hydralisk Den  
  57  4:35  Drone x2  
  58  4:39  Drone  
  58  4:44  Overlord  
  58  4:46  Drone x3  
  58  4:52  Drone x2  
  62  4:58  Overlord  
  62  4:59  Drone  
  62  5:02  Hydralisk  
  62  5:04  Hydralisk x2  
  68  5:07  Hydralisk  
  70  5:15  Overlord, Hydralisk x2  
  70  5:19  Muscular Augments  
  70  5:20  Hydralisk  
  76  5:24  Hydralisk x2  
  76  5:28  Overlord, Drone  
  80  5:33  Overlord, Hydralisk  
  83  5:37  Zergling x4  
  83  5:38  Zergling x2  
  83  5:40  Drone x2  
  83  5:41  Drone  
  89  5:49  Extractor  
  88  5:50  Extractor, Drone x5, Evolution Chamber  
  87  5:58  Drone x5  
  90  6:06  Overlord  
  90  6:07  Drone x6  
  93  6:12  Overlord  
  93  6:13  Drone  
  93  6:17  Hydralisk  
  96  6:20  Overlord  
  96  6:24  Hydralisk x3  
  92  6:29  Hydralisk x2  
  90  6:34  Zerg Missile Weapons Level 1, Hydralisk x2  
  91  6:40  Overlord  
  91  6:41  Grooved Spines  
  85  6:55  Hydralisk x2  
  85  6:58  Hydralisk x6  
  96  7:02  Overlord x2  
  96  7:03  Overlord  
  96  7:15  Overlord x3  
  96  7:21  Drone x4  
  97  7:23  Drone  
  97  7:24  Drone, Hatchery  
  97  7:28  Queen x2  
  102  7:31  Overlord  
  102  7:34  Hydralisk  
  102  7:36  Spore Crawler  
  103  7:38  Hydralisk  
  103  7:39  Hydralisk  
  103  7:42  Hydralisk x2  
  111  7:47  Hydralisk x2  
  113  7:59  Drone x4  
  117  8:06  Drone x6  
  117  8:08  Drone  
  124  8:13  Baneling Nest  
  124  8:17  Overlord  
  120  8:22  Drone x3  
  120  8:23  Drone  
  124  8:28  Zerg Melee Weapons Level 1  
  124  8:30  Overlord, Hatchery  
  124  8:32  Hydralisk  
  124  8:33  Hydralisk x3  
  128  8:44  Hydralisk  
  128  8:45  Hydralisk x4  
  136  8:55  Hydralisk x5  
  137  8:58  Centrifical Hooks  
  145  9:03  Zergling x8  
  145  9:07  Zergling x6  
  152  9:11  Zergling x8  
  156  9:20  Zergling x8  
  160  9:25  Overlord  
  160  9:31  Overlord x2  
  160  9:32  Overlord x3  
  160  9:49  Baneling x19  
  161  9:52  Zergling x2  
  161  9:53  Zergling x18  
  161  9:59  Zergling x8  
  171  10:03  Zergling x6  
  171  10:09  Zergling x8  
  171  10:14  Baneling x19  
  175  10:16  Zergling x6  
  178  10:23  Zergling x12  
  178  10:24  Zergling x2  
  165  10:44  Zergling x34  
  168  10:51  Hydralisk  
  168  10:52  Hydralisk x3  
  130  11:05  Hydralisk x8  
  130  11:10  Hydralisk  
  130  11:11  Hydralisk  
  131  11:14  Hydralisk x2  
  122  11:21  Baneling x4  
  114  11:35  Hydralisk  
  114  11:36  Hydralisk x8  
  126  11:40  Baneling x8  
  126  11:41  Baneling  
  126  11:44  Hydralisk x2  
  128  11:50  Hydralisk x2  
  128  11:52  Hydralisk  
Show
View Real Time Build Order
Export as new Build Order

Zest Protoss - Winner!

Build Orders: 1 Gate Expand, Oracle Opening, Phoenix Opening, Mass Phoenix 

Get SALT Encoding   

  12  0:00  Probe  
  13  0:12  Probe  
  14  0:17  Pylon  
  14  0:24  Probe  
  15  0:32  Probe  
  15  0:38  Gateway  
  15  0:40  Probe  
  16  0:46  Assimilator  
  17  0:51  Probe  
  18  1:03  Probe  
  19  1:15  Probe  
  20  1:24  Nexus  
  20  1:34  Cybernetics Core  
  20  1:37  Probe  
  21  1:43  Assimilator  
  21  1:49  Probe  
  21  1:53  Pylon  
  22  2:01  Probe  
  22  2:02  Adept  
  23  2:14  Stargate  
  25  2:16  Probe  
  26  2:23  Warp Gate  
  26  2:28  Probe  
  26  2:29  Adept  
  29  2:32  Probe  
  30  2:40  Probe x2  
  31  2:50  Probe  
  31  2:51  Phoenix  
  32  2:52  Probe  
  34  3:03  Probe  
  34  3:04  Oracle, Probe  
  38  3:07  Pylon  
  38  3:15  Probe  
  38  3:16  Probe  
  43  3:22  Assimilator  
  43  3:24  Assimilator  
  43  3:28  Gateway  
  43  3:31  Probe x2  
  45  3:42  Stargate  
  45  3:43  Probe x2  
  47  3:50  Pylon  
  47  3:55  Probe x2  
  48  3:57  Phoenix  
  48  4:01  Pylon  
  51  4:07  Probe  
  51  4:08  Probe  
  53  4:17  Phoenix x2  
  53  4:23  Probe x2  
  55  4:30  Zealot x2  
  63  4:40  Phoenix  
  63  4:41  Phoenix  
  63  4:42  Pylon  
  67  4:51  Probe  
  68  5:01  Phoenix x2  
  68  5:04  Pylon  
  72  5:10  Nexus  
  72  5:14  Pylon  
  72  5:23  Phoenix x2  
  76  5:31  Shield Battery  
  76  5:32  Sentry x2  
  81  5:35  Probe x2  
  81  5:41  Robotics Facility  
  82  5:49  Robotics Facility  
  82  5:50  Probe x2  
  82  5:55  Phoenix  
  84  6:02  Phoenix, Probe x2  
  88  6:15  Gateway  
  88  6:16  Gateway  
  88  6:20  Phoenix x2  
  88  6:35  Probe  
  88  6:36  Probe  
  88  6:39  Probe  
  91  6:47  Phoenix  
  91  6:48  Probe x2  
  91  6:51  Probe  
  92  6:55  Phoenix  
  92  6:56  Immortal  
  92  6:58  Immortal  
  104  7:01  Probe x2  
  104  7:03  Probe  
  104  7:05  Pylon  
  107  7:12  Pylon  
  107  7:14  Gateway  
  107  7:15  Gateway  
  107  7:24  Twilight Council  
  107  7:25  Forge  
  107  7:26  Assimilator, Immortal  
  107  7:30  Immortal  
  107  7:31  Assimilator  
  111  7:41  Pylon  
  115  7:45  Probe x3  
  118  7:52  Adept x3  
  118  7:57  Probe  
  125  8:02  Protoss Ground Weapons Level 1  
  125  8:06  Charge  
  125  8:08  Templar Archives  
  125  8:09  Probe x2  
  125  8:12  Pylon  
  127  8:13  Observer  
  127  8:17  Pylon  
  129  8:20  Observer  
  129  8:23  Photon Cannon  
  129  8:24  Photon Cannon  
  129  8:28  Gateway  
  129  8:29  Gateway  
  129  8:30  Pylon  
  129  8:40  Nexus  
  129  8:44  Psionic Storm  
  129  8:52  Probe x3  
  129  8:53  Pylon  
  132  8:57  High Templar x3  
  138  9:05  High Templar  
  138  9:07  Assimilator  
  140  9:12  Assimilator, Probe x3  
  143  9:20  Photon Cannon  
  143  9:23  Photon Cannon  
  143  9:24  Photon Cannon, Observer  
  143  9:28  High Templar x2  
  147  9:31  Photon Cannon  
  147  9:32  Photon Cannon  
  147  9:34  Protoss Shields Level 1  
  147  9:38  Probe x3  
  150  9:45  Observer  
  150  9:46  Photon Cannon x2  
  150  9:51  Immortal x2  
  158  9:53  Zealot x2  
  156  10:08  High Templar x2, Zealot x4  
  168  10:17  Archon  
  168  10:19  Photon Cannon  
  168  10:21  Photon Cannon  
  166  10:32  Zealot x5  
  168  10:37  Immortal x2  
  164  10:43  Archon  
  164  10:48  Archon  
  158  10:52  Zealot  
  158  10:53  Zealot x3  
  137  11:08  Zealot x4  
  137  11:09  Immortal x2  
  135  11:15  High Templar x4  
  135  11:16  Phoenix  
  151  11:20  Gateway  
  151  11:21  Archon x2  
  151  11:22  Gateway  
  151  11:25  Phoenix  
  149  11:50  High Templar x6, Zealot x2  
  149  11:52  Probe  
  149  11:53  Probe x2  
  160  12:14  Zealot x2  
Tags
 
Add a new tag
Caveats
  • Supply blocks, unpowered buildings, or Contaminate may cause inaccurate times.
  • Supply counts are checked every 10 seconds.